 Dungeon Crawl Stone Soup version 0.19-a0-1899-g2d93087 (webtiles) character file.

19805 dobroeutro the Fighter (level 13, -1/106 HPs)
             Began as a Formicid Hunter on Oct 19, 2016.
             Was a High Priest of Okawaru.
             Slain by a freezing wraith (2 damage)
             ... led by a death knight
             ... on level 11 of the Dungeon.
             The game lasted 00:40:54 (17006 turns).

dobroeutro the Fighter (Formicid Hunter)           Turns: 17006, Time: 00:40:55

Health: -1/106     AC:  6    Str: 17    XL:     13   Next: 7%
Magic:  13/13      EV: 13    Int: 17    God:    Okawaru [*****.]
Gold:   839        SH: 13    Dex: 12    Spells: 0 memorised, 12 levels left

rFire  + . .     SeeInvis +     G - +10 halberd of Compulsion {freeze, Int+6}
rCold  + + +     Gourm    .     J - +1 robe {rC+ rF+}
rNeg   + . .     Faith    .     g - +3 buckler of Death's Door {rPois Slay+3}
rPois  +         Spirit   .     (helmet unavailable)
rElec  +         Reflect  .     N - +0 cloak of Eternal Night {rElec rN+ Str-2}
rCorr  .         Harm     .     K - +0 pair of gloves
MR     +....                    (no boots)
Stlth  ++........               (no amulet)
                                B - ring of protection from cold
                                x - ring of protection from cold

@: no status effects
A: permanent stasis, dig shafts and tunnels, four strong arms, antennae 3,
talons 1, large bone plates 1, blurry vision 1, sense surroundings 1, weak 1, no
device heal 1
a: Dig, Shaft Self, Heroism, Finesse, Renounce Religion


You were on level 11 of the Dungeon.
You worshipped Okawaru.
Okawaru was extremely pleased with you.
You were hungry.

You visited 2 branches of the dungeon, and saw 13 of its levels.
You also visited: Ice Cave.

You collected 839 gold pieces.

Inventory:

Hand Weapons
 C - a +2 arbalest of flaming
 F - the +6 trident of Integrity {protect, *Slow +Inv MR+ Dex+6}
   (You found it on level 5 of the Dungeon)

   It protects the one who uses it against injury (+AC on strike).
   It affects your dexterity (+6).
   It affects your resistance to hostile enchantments.
   It lets you turn invisible.
   It may slow you when you take damage.
 G - the +10 halberd of Compulsion (weapon) {freeze, Int+6}
   (You found it in an ice cave)

   It has been specially enchanted to freeze those struck by it, causing extra
   injury to most foes and up to half again as much damage against particularly
   susceptible opponents.
   It can also slow down cold-blooded creatures.
   It affects your intelligence (+6).
Missiles
 d - 78 bolts
Armour
 e - the +3 scale mail "Qecysk" {+Fly rC+ Str-3}
   (You found it on level 11 of the Dungeon)

   It affects your strength (-3).
   It protects you from cold.
   It lets you fly.
 g - the +3 buckler of Death's Door (worn) {rPois Slay+3}
   (You found it on level 10 of the Dungeon)

   It affects your accuracy and damage with ranged weapons and melee attacks
   (+3).
   It protects you from poison.
 J - a +1 robe of resistance (worn)
 K - a +0 pair of gloves (worn)
 N - the +0 cloak of Eternal Night (worn) {rElec rN+ Str-2}
   (You found it on level 9 of the Dungeon)

   It affects your strength (-2).
   It insulates you from electricity.
   It protects you from negative energy.
Jewellery
 m - a +4 ring of dexterity
 x - a ring of protection from cold (left hand)
 B - a ring of protection from cold (right hand)
 M - an uncursed ring of protection from fire
 R - a +3 ring of protection
 S - an uncursed ring of ice
Wands
 h - a wand of paralysis (12/24)
 I - a wand of lightning (14/15)
 O - a wand of flame (44/48)
 T - a wand of iceblast (7/15)
Scrolls
 a - a scroll of fog
 i - a scroll of enchant armour
 l - 2 scrolls of silence
 o - 2 scrolls of identify
 q - a scroll of noise
 u - 3 scrolls of remove curse
 y - a scroll of recharging
 D - 3 scrolls of fear
 E - 2 scrolls of enchant weapon
 H - 6 scrolls of amnesia
 P - a scroll of random uselessness
Potions
 c - a potion of ambrosia
 j - a potion of curing
 k - 3 potions of degeneration
 n - a potion of haste
 p - 2 potions of magic
 s - 2 potions of agility
 v - 2 potions of resistance
 w - 2 potions of beneficial mutation
 z - 2 potions of brilliance
 A - 4 potions of might
 L - a potion of flight
Comestibles
 b - 7 fruits
 f - 8 bread rations
 r - 13 beef jerkies
 t - a slice of pizza
 Q - 2 meat rations


   Skills:
 + Level 11.4 Fighting
   Level 4.2 Short Blades
 + Level 9.4 Polearms
 + Level 10.8 Crossbows
 - Level 6.0 Armour
 - Level 4.0 Dodging
 - Level 1.2 Stealth
 + Level 10.0 Shields


You had 12 spell levels left.
You didn't know any spells.

Dungeon Overview and Level Annotations

Branches:
Dungeon (12/15)            Temple (1/1) D:7            Lair (0/6) D:8
    Orc (0/2) D:9

Altars:
Ashenzari
Cheibriados
Dithmenos
Elyvilon
Fedhas
Gozag
Kikubaaqudgha
Makhleb
Nemelex Xobeh
Okawaru
Qazlal
Ru
Sif Muna
Trog
Uskayaw
Xom
Yredelemnul
Zin

Annotations:
D:5 Prince Ribbit


Innate Abilities, Weirdness & Mutations

You are under a permanent stasis effect.
You can dig through walls and to a lower floor.
Your four strong arms can wield two-handed weapons with a shield.
You have a pair of large antennae on your head. (SInv)
You have sharp toenails.
You are partially covered in large bone plates. (SH +4)
Scrolls take you a little longer to read.
You passively map a small area around you.
You are weak. (Str -2)
Potions and wands are less effective at restoring your health.


Message History

The freezing wraith completely misses you. x2
You hit the freezing wraith. Your kick misses the freezing wraith.
The freezing wraith is heavily damaged.
You block the freezing wraith's attack. x2
You hit the freezing wraith. You claw the freezing wraith.
The freezing wraith is heavily damaged.
The freezing wraith hits you.
* * * LOW HITPOINT WARNING * * *
The freezing wraith freezes you. You resist.
* * * LOW HITPOINT WARNING * * *
You block the freezing wraith's attack.
You slash the freezing wraith!
You claw the freezing wraith, but do no damage.
The freezing wraith is almost destroyed.
The freezing wraith hits you!
* * * LOW HITPOINT WARNING * * *
The freezing wraith freezes you. You resist.
* * * LOW HITPOINT WARNING * * *
The freezing wraith hits you.
You die...

#################################
..<..............W...............
................@...###..........
...######.########..# #...###.)##
...# #.# #..# #...# #..# ...# #.#
#..# #...# #..# ...# #.# #..#
#...# #..# ...# #.# #..# #...#
#..# ...# #.# #..# #...# #..#
...# #.# #..# #...# #..# ...# #.#
#..# #...# #..#


You could see a freezing wraith.

Vanquished Creatures
  A frost giant (IceCv)
  Fannar (D:11)
  Nergalle (D:11)
  Sonja (D:11)
  An unseen horror (D:11)
  A hill giant (D:10)
  2 cyclopes (D:11)
  An ugly thing (D:11)
  An ice statue (IceCv)
  A freezing wraith (D:12)
  2 ice devils (D:11)
  14 polar bears (IceCv)
  A troll (D:10)
  3 hippogriffs
  2 wyverns
  Sigmund (D:5)
  17 yaks
  2 steam dragons (D:9)
  2 hungry ghosts
  2 hell hounds
  4 orc warriors
  A sky beast (D:11)
  3 ice beasts
  2 phantoms
  4 ogres
  9 wolves (IceCv)
  5 centaurs
  2 crocodiles
  10 bullfrogs
  2 big kobolds
  5 scorpions
  2 wyvern skeletons (D:6)
  3 killer bees (D:9)
  21 wights
  4 howler monkeys (D:11)
  3 crimson imps
  A centaur zombie (D:8)
  8 orc priests
  2 quasits
  8 hounds
  3 jellies
  6 orc wizards
  2 centaur skeletons
  2 iguanas
  6 worker ants
  A hound zombie (D:8)
  2 hound skeletons (D:4)
  Robin (D:3)
  A howler monkey skeleton (D:7)
  7 gnolls
  15 adders
  5 shadow imps
  An ooze (D:5)
  An adder zombie (D:9)
  3 adder skeletons
  A dart slug (D:2)
  A leopard gecko (D:7)
  47 orcs
  3 ball pythons
  8 bats
  15 giant cockroaches
  16 goblins
  10 hobgoblins
  5 jackals
  6 quokkas
  4 frilled lizards
  12 kobolds
  A leopard gecko zombie (D:6)
  A quokka skeleton (D:4)
  9 rats
351 creatures vanquished.

Vanquished Creatures (others)
  A jelly (D:12)
  A fungus (D:9)
  A plant (D:3)
3 creatures vanquished.

Grand Total: 354 creatures vanquished

Notes
Turn   | Place    | Note
-------+----------+-------------------------------------------
     0 | D:1      | dobroeutro the Formicid Hunter began the quest for the Orb.
     0 | D:1      | Reached XP level 1. HP: 16/16 MP: 1/1
   142 | D:1      | Reached XP level 2. HP: 22/22 MP: 2/2
   199 | D:1      | Reached skill level 1 in Armour
   632 | D:2      | Found a snail-covered altar of Cheibriados.
   663 | D:2      | Found a sacrificial altar of Ru.
   677 | D:2      | Reached XP level 3. HP: 25/28 MP: 3/3
   728 | D:2      | Reached skill level 1 in Short Blades
  1135 | D:2      | Reached XP level 4. HP: 34/34 MP: 4/4
  1723 | D:2      | Found a faded altar of an unknown god.
  1723 | D:2      | Found a faded altar of an unknown god.
  1728 | D:2      | Found a deep blue altar of Sif Muna.
  1730 | D:2      | Found a faded altar of an unknown god.
  1731 | D:2      | Found a faded altar of an unknown god.
  1897 | D:3      | Noticed Robin
  2162 | D:3      | Killed Robin
  2171 | D:3      | Reached skill level 3 in Fighting
  2268 | D:3      | Reached XP level 5. HP: 16/41 MP: 5/5
  2741 | D:3      | Reached XP level 6. HP: 12/47 MP: 6/6
  3053 | D:3      | Found a shimmering altar of Xom.
  3055 | D:3      | Found a hide-covered altar of Uskayaw.
  4083 | D:4      | HP: 2/48 [gnoll/spear (9)]
  4642 | D:4      | Reached skill level 4 in Fighting
  4642 | D:4      | Reached skill level 5 in Crossbows
  4717 | D:4      | Reached XP level 7. HP: 43/54 MP: 7/7
  5657 | D:4      | Found a blossoming altar of Fedhas.
  5657 | D:4      | Found a white marble altar of Elyvilon.
  5846 | D:5      | Entered Level 5 of the Dungeon
  5847 | D:5      | Noticed Prince Ribbit
  5880 | D:5      | Reached skill level 5 in Fighting
  5880 | D:5      | Reached XP level 8. HP: 38/62 MP: 8/8
  5954 | D:5      | Noticed Sigmund
  5960 | D:5      | Killed Sigmund
  6223 | D:5      | Got a fine trident
  6224 | D:5      | Identified the +6 trident of Integrity {protect, *Slow +Inv MR+ Dex+6} (You found it on level 5 of the Dungeon)
  6748 | D:6      | Found a stormy altar of Qazlal.
  6751 | D:6      | Noticed a fire elemental
  6751 | D:6      | Noticed an air elemental
  6751 | D:6      | Noticed a water elemental
  6935 | D:6      | Reached skill level 1 in Polearms
  6935 | D:6      | Reached skill level 5 in Armour
  7163 | D:6      | Reached skill level 6 in Fighting
  7361 | D:6      | Reached XP level 9. HP: 55/69 MP: 9/9
  7362 | D:6      | Found a stormy altar of Qazlal.
  8026 | D:7      | Noticed a hippogriff
  8048 | D:7      | Killed a hippogriff
  8048 | D:7      | Reached skill level 7 in Fighting
  8989 | D:7      | Found a staircase to the Ecumenical Temple.
  9004 | Temple   | Entered the Ecumenical Temple
  9106 | Temple   | Became a worshipper of Warmaster Okawaru
  9320 | D:7      | Reached XP level 10. HP: 79/79 MP: 10/10
  9595 | D:7      | You fall through a shaft for 3 floors!
  9595 | D:10     | Entered Level 10 of the Dungeon
  9651 | D:10     | Found a burning altar of Makhleb.
  9667 | D:9      | Found a burning altar of Makhleb.
  9676 | D:9      | Found a glowing silver altar of Zin.
  9676 | D:9      | Noticed an angel
  9676 | D:9      | Noticed a balrug
  9754 | D:9      | Got a scorched cloak
  9765 | D:9      | Identified the cursed +0 cloak of Eternal Night {rElec rN+ Str-2} (You found it on level 9 of the Dungeon)
 10094 | D:9      | Reached skill level 5 in Polearms
 10150 | D:9      | Reached skill level 8 in Fighting
 10418 | D:9      | Reached * piety under Okawaru
 11627 | D:8      | Reached skill level 9 in Fighting
 11786 | D:8      | Found a staircase to the Lair.
 12011 | D:9      | Reached ** piety under Okawaru
 12069 | D:9      | Found a staircase to the Orcish Mines.
 12516 | D:9      | Reached XP level 11. HP: 83/89 MP: 11/11
 12691 | D:10     | Got a jewelled buckler
 12697 | D:10     | Identified the +3 buckler of Death's Door {rPois Slay+3} (You found it on level 10 of the Dungeon)
 12989 | D:10     | Reached skill level 1 in Shields
 13274 | D:10     | Reached *** piety under Okawaru
 13596 | D:10     | Noticed a hill giant
 13601 | D:10     | Killed a hill giant
 13944 | D:11     | Noticed a cyan ugly thing
 13951 | D:11     | Killed a cyan ugly thing
 13951 | D:11     | Reached **** piety under Okawaru
 13951 | D:11     | Reached skill level 10 in Fighting
 13951 | D:11     | Reached skill level 5 in Shields
 13959 | D:11     | Gained mutation: You are weak. (Str -2) [mutagenic meat]
 13965 | D:11     | Gained mutation: You have sharp toenails. [mutagenic meat]
 13968 | D:11     | Gained mutation: You are partially covered in large bone plates. (SH +4) [mutagenic meat]
 14012 | D:11     | Noticed a cyclops
 14030 | D:11     | Killed a cyclops
 14039 | D:11     | Found a frozen archway.
 14177 | IceCv    | Entered an ice cave
 14216 | IceCv    | Received a gift from Okawaru
 14674 | IceCv    | Reached XP level 12. HP: 87/98 MP: 12/12
 14737 | IceCv    | Reached skill level 10 in Crossbows
 15185 | IceCv    | Reached ***** piety under Okawaru
 15482 | IceCv    | Received a gift from Okawaru
 15524 | IceCv    | Noticed a frost giant
 15600 | IceCv    | Killed a frost giant
 15600 | IceCv    | Received a gift from Okawaru
 15600 | IceCv    | Reached skill level 11 in Fighting
 15654 | IceCv    | Got a steaming halberd
 15655 | IceCv    | Identified the +10 halberd of Compulsion {freeze, Int+6} (You found it in an ice cave)
 15977 | D:11     | Noticed Nergalle
 15978 | D:11     | Noticed an unseen horror
 15980 | D:11     | Killed an unseen horror
 15998 | D:11     | Killed Nergalle
 16048 | D:11     | Gained mutation: Scrolls take you a little longer to read. [mutagenic meat]
 16051 | D:11     | Gained mutation: You passively map a small area around you. [mutagenic meat]
 16054 | D:11     | Gained mutation: Potions and wands are less effective at restoring your health. [mutagenic meat]
 16058 | D:11     | Got a transparent scale mail
 16069 | D:11     | Identified the +3 scale mail "Qecysk" {+Fly rC+ Str-3} (You found it on level 11 of the Dungeon)
 16122 | D:11     | Noticed Sonja
 16142 | D:11     | Killed Sonja
 16507 | D:11     | Identified a scroll of acquirement
 16767 | D:11     | Noticed Fannar
 16792 | D:11     | Killed Fannar
 16792 | D:11     | Reached skill level 10 in Shields
 16792 | D:11     | Reached XP level 13. HP: 73/106 MP: 13/13
 17006 | D:11     | HP: 4/106 [freezing wraith[a death knight] (12)]
 17006 | D:11     | HP: 1/106 [freezing wraith[a death knight] (3)]
 17006 | D:11     | Slain by a freezing wraith

Vault maps used:
D:1:      lemuel_arrival_hallway
D:2:      chequers_temple_overflow_minitemple,
          nicolae_ru_great_annihilating_truth, kennysheep_slug_shrine,
          minmay_tromino_v2
D:3:      minmay_roachtagon, chequers_temple_overflow_statue_of_worship,
          first_bread, chequers_big_river, minmay_misc_feat_columns,
          grunt_ministairs_7, uniq_robin
D:4:      gammafunk_temple_overflow_wave, kennysheep_crisscross,
          roderic_serpentine_path
D:5:      uniq_sigmund, uniq_menkaure, uniq_prince_ribbit1
D:6:      old_standard_altar, nicolae_qazlal_style_of_elements
D:7:      sigmund_army
D:8:      minmay_lair_entry_lava
D:9:      kennysheep_steamy, grunt_temple_overflow_order_and_chaos_2,
          orc_0_dummy
D:10:     serial_column_ruins, column_ruins_open_small, column_ruins_grid_1,
          column_ruins_open_small, column_ruins_columns_straight, basic_altar
D:11:     portal_ice_cave_demonic_guard, grunt_ogre_cave, uniq_nergalle,
          uniq_fannar, uniq_sonja
D:12:     serial_shops, nicolae_shop_temple_entry_statues_fountains,
          minmay_liquid_box, lemuel_flamethrower_2
Temple:   minmay_temple_curvy_loop
IceCv:    ice_cave_small_giant

Skill      XL: |  1  2  3  4  5  6  7  8  9 10 11 12 |
---------------+-------------------------------------+-----
Armour         | 1 2 3 4 5 6 |  6.0
Short Blades   | 1 2 3 4 |  4.2
Fighting       | 3 4 5 6 7 9 10 11 | 11.4
Crossbows      | 5 6 7 9 10 | 10.8
Polearms       | 2 4 6 7 9 |  9.4
Dodging        | 3 4 |  4.0
Shields        | 7 10 | 10.0
Stealth        | |  1.2

Action                   |  1- 3 |  4- 6 |  7- 9 | 10-12 | 13-15 || total
-------------------------+-------+-------+-------+-------+-------++-------
Melee: Short sword       |    71 |       |       |       |       ||    71
       Dagger            |    17 |   222 |   104 |       |       ||   343
       Trident           |       |       |   218 |   723 |       ||   941
       Kick              |       |       |       |   153 |     4 ||   157
       Halberd           |       |       |       |    76 |    18 ||    94
 Fire: Hand crossbow     |       |    14 |    31 |       |       ||    45
       Arbalest          |       |       |       |    23 |       ||    23
Invok: Heroism           |       |       |       |     6 |       ||     6
 Abil: Dig               |       |    19 |     1 |     9 |       ||    29
       Evoke Invisibilit |       |       |     2 |       |       ||     2
  Use: Potion            |     1 |     1 |       |     6 |       ||     8
       Scroll            |       |       |       |    28 |       ||    28
 Stab: Invisible         |     1 |       |     3 |       |       ||     4
       Paralysed         |     1 |       |       |       |       ||     1
       Sleeping          |       |     2 |     8 |     7 |       ||    17
       Distracted        |       |       |     2 |       |       ||     2
  Eat: Chunk             |     1 |    10 |    11 |    31 |       ||    53
       Bread ration      |       |     1 |       |     1 |       ||     2
       Fruit             |       |       |     4 |     1 |       ||     5
Armor: Leather armour    |    33 |    16 |    64 |   139 |       ||   252
       Animal skin       |       |    42 |     8 |       |       ||    50
       Robe              |       |       |       |    82 |       ||    82
Dodge: Dodged            |    58 |   125 |   181 |   449 |     7 ||   820
Block: Buckler           |       |       |       |   267 |    12 ||   279
